Zazza, neutral female human Tourist ------------ |.....<....| +..........| |..........| |..........|fq -.--.-------@ ############ # ## Zazza the Rambler Experience level: 1 Strength: 12 Dexterity: 8 Constitution: 15 Intelligence: 13 Wisdom: 11 Charisma: 18 Health: 0(13) Energy: 2(2) Def: 2 Gold: 1922 Moves: 3428 Dungeon seed: _GF8erZyI2zYtbre Game ID: Zazza_1618995472 Your Inventory: Coins $ - 1922 gold pieces Weapons a - 28 +2 darts t - 3 +0 daggers v - a +0 elven dagger (weapon in hand) R - 11 blessed +0 darts Armor e - an uncursed +0 orcish helm (being worn) r - an uncursed +0 pair of water walking boots (being worn) Comestibles b - 8 uncursed food rations d - an uncursed carrot g - an uncursed lembas wafer h - an uncursed egg o - an uncursed slime mold p - an uncursed eucalyptus leaf Scrolls j - 2 uncursed scrolls of magic mapping u - an uncursed scroll of amnesia O - a cursed scroll of genocide Potions i - 2 uncursed potions of extra healing Rings K - a cursed -1 ring of gain strength Wands U - a wand of striking (0:7) Tools l - an expensive camera (0:38) m - an uncursed credit card Q - an uncursed blindfold T - an uncursed magic lamp Gems n - an uncursed worthless piece of red glass Spells and supernatural/magical abilities: Name Level Category Fail Memory W - pray for help -- divine ? -- Your skills at the end: Fighting Skills Weapon Skills dart [Basic] Spellcasting Skills Final Attributes: You were aligned. You could walk on water. You are dead. Vanquished creatures: a ghost a floating eye a homunculus 2 iguanas an acid blob a coyote a hobbit a large kobold 2 giant rats a brown mold a yellow mold a green mold 2 red molds a gnome 4 geckos 6 jackals a kobold 3 goblins 2 grid bugs 11 lichens a kobold zombie 9 newts 54 creatures vanquished. Voluntary challenges: You used a wielded weapon 1 time, starting on turn 2241. You read items or engraved 7 times, starting on turn 1407. You never genocided any monsters. You never polymorphed an object. You never changed form. You used no wishes. You never split a pudding. You wrote Elbereth's name 4 times, starting on turn 1852. You never violated your personal moral code. Dungeon overview: The Dungeons of Doom: levels 1 to 7 Level 1 a long staircase Level 2 an armor shop, a fountain stairs to The Gnomish Mines Level 3 a potion shop, an altar to Offler Level 4 a fountain Level 5 a general store Level 6 a fountain Level 7 <- You were here The Gnomish Mines: Level 3 stairs to The Dungeons of Doom History has recorded: On T:1 you entered the Dungeons of Doom to retrieve the Amulet of Yendor! On T:534 you reached level 2 of The Dungeons of Doom. On T:976 you reached level 1 of The Gnomish Mines. On T:1213 you reached level 3 of The Dungeons of Doom. On T:1637 you reached level 4 of The Dungeons of Doom. On T:1643 you reached level 5 of The Dungeons of Doom. On T:3079 you reached level 6 of The Dungeons of Doom. On T:3390 you reached level 7 of The Dungeons of Doom. Score breakdown: Gold: 1332 (10629 points) Experience: 1 level ( 0 points) Exploration: 7 levels ( 15.22%) (10954 points) Discoveries: 7 items ( 2.35%) ( 4597 points) Valuables value: (no points given unless you survive) Artifact value: 0 ( 0 points) Variety of kills: 22 monsters ( 5.77%) ( 7208 points) Turncount: 3428 turns ( -796 points) Survival: died (score multiplied by 80%) Total score: 26073 Latest messages: Armand bites the kobold. The kobold is killed! You displace Armand. There are a few objects here. R - 11 darts. You displace Armand. You see here a red gem. n - a red gem. You displace Armand. This door is locked. Ouch! You bump into a door. (2x) You displace Armand. You hear a crunching sound. The rothe hits! The rothe bites! The rothe just misses! You stop. Armand is in the way! Armand misses the rothe. You displace Armand. Armand bites the rothe. The rothe misses Armand. (3x) The rothe hits! The rothe bites! (2x) You die... Final status: Aloha Zazza the Tourist, killed by a rothe... You died in The Dungeons of Doom on dungeon level 7 with 26073 points, and 1922 pieces of gold, after 3428 moves. You were level 1 with a maximum of 13 hit points when you died.